 Dungeon Crawl Stone Soup version 0.29.1-15-g9cfb28693d (webtiles) character file.

Game seed: 7682867294498305526

22 386 the Trooper (level 2, -4/24 HPs)
             Began as a Demonspawn Fighter on Mar 21, 2023.
             Slain by Terence
             ... wielding a +0 morningstar
              (7 damage)
             ... on level 2 of the Dungeon.
             The game lasted 00:01:52 (1127 turns).

386 the Trooper (Demonspawn Fighter)                Turns: 1127, Time: 00:01:52

Health: -4/24      AC:  6    Str: 16    XL:     2   Next: 68%
Magic:  2/2        EV:  8    Int:  9    God:
Gold:   51         SH:  4    Dex: 12    Spells: 1/1 levels left

rFire   . . .      SeeInvis .   a - +0 war axe
rCold   . . .      Faith    .   c - +0 buckler
rNeg    . . .      Spirit   .   b - +0 scale mail
rPois   .          Reflect  .   (no helmet)
rElec   .          Harm     .   (no cloak)
rCorr   .          Rampage  .   (no gloves)
Will    .....                   (no boots)
Stlth   ..........              (no amulet)
HPRegen 0.08/turn               (no ring)
MPRegen 0.08/turn               (no ring)

@: no status effects
A: foul stench 1
a: no special abilities


You were on level 2 of the Dungeon.
You visited 1 branch of the dungeon, and saw 2 of its levels.

You collected 51 gold pieces.

Inventory:

Hand Weapons
 a - a +0 war axe (weapon)
Armour
 b - a +0 scale mail (worn)
 c - a +0 buckler (worn)
Scrolls
 g - 2 scrolls of butterflies {unknown}
 h - a scroll of magic mapping {unknown}
 i - a scroll of identify {unknown}
Potions
 d - a potion of might
 e - a potion of lignification {unknown}
 f - a potion of flight {unknown}


   Skills:
 + Level 3.2 Fighting
 + Level 2.1 Axes
 + Level 2.9 Armour
 + Level 3.0 Shields


You had one spell level left.
You didn't know any spells.
Your spell library was empty.

Dungeon Overview and Level Annotations

Branches:
Dungeon (2/15)

Altars:

Annotations:
D:2 Terence


Innate Abilities, Weirdness & Mutations

You may rarely emit foul miasma when damaged in melee.


Message History

There is a stone staircase leading up here.
An endoplasm comes into view.
You hit the endoplasm.
The endoplasm is almost dead.
You block the endoplasm's attack.
You hit the endoplasm.
You kill the endoplasm!
No target in view!
Found 4 stones.
No target in view!
You now have 35 gold pieces (gained 16).
You now have 51 gold pieces (gained 16).
Terence and an adder come into view.
Found a stone staircase leading up.
Terence shouts!
The adder hisses angrily.
Terence shouts, "Get ready for death!"
You barely miss Terence.
Terence screams, "I'm going to kill you!"
Terence hits you with a +0 morningstar. Terence says, "Did you write a will?
You should..."
Terence hits you with a +0 morningstar!
You are too injured to fight recklessly!
You are too injured to fight recklessly!
You are too injured to fight recklessly!
You are too injured to fight recklessly!
You are too injured to fight recklessly!
You completely miss Terence. You block Terence's attack.
You barely miss Terence. Terence hits you with a +0 morningstar!
* * * LOW HITPOINT WARNING * * *
Terence screams, "I want your blood!" Terence closely misses you.
You barely miss Terence. Terence closely misses you.
You hit Terence but do no damage. Terence hits you with a +0 morningstar.
* * * LOW HITPOINT WARNING * * *
You hit Terence but do no damage. Terence barely misses you. x2
You hit Terence.
Terence is moderately wounded.
An adder comes into view.
Terence hits you with a +0 morningstar!
You die...

#.. . S.. .. #.# .. #.#
###. #.# <....##.#
..S.@..S# #.....##@# #.
#.##.....##@# ##.
#.##.....##.#
##..##.##.....##.#
##..##.##.....##.###
...................#
##..#..###.#..##.#.#
..............##.#.####.
.(......................
#...#..###..#.##.#.#####


You could see Terence and 2 adders.

Vanquished Creatures
  2 endoplasms
  3 goblins (D:1)
  A hobgoblin (D:1)
  7 jackals (D:1)
  3 bats (D:1)
  A kobold (D:1)
  A rat (D:1)
18 creatures vanquished.

Notes
Turn   | Place    | Note
-------+----------+-------------------------------------------
     0 | D:1      | 386 the Demonspawn Fighter began the quest for the Orb.
     0 | D:1      | Reached XP level 1. HP: 18/18 MP: 1/1
   278 | D:1      | Found a faded altar of an unknown god.
   288 | D:1      | Gained mutation: You may rarely emit foul miasma when
                  | damaged in melee. [demonic ancestry]
   288 | D:1      | Reached XP level 2. HP: 11/24 MP: 2/2
  1117 | D:2      | Noticed Terence
  1127 | D:2      | Slain by Terence

Illustrated notes

Levels and vault maps discovered:
D:1:      saegor_arrival_under_anarchy, layout_loops_ring,
          hellmonk_ecumenical_altar_dog_temple
D:2:      layout_basic, uniq_terence, uniq_natasha

Skill      XL: |  1  2 |
---------------+-------+-----
Axes           | 2 |  2.1
Shields        | 3 |  3.0
Fighting       | |  3.2
Armour         | |  2.9

Action                   || total
-------------------------++-------
Melee: War axe           ||    50
Armor: Scale mail        ||    37
Dodge: Dodged            ||    29
Block: Buckler           ||    21
